[Event "fics rated crazyhouse match"]
[Site "fics, Oklahoma City, OK USA"]
[Date "2000.10.20"]
[White "Sjeng"]
[WhiteElo "2149"]
[Black "venomous"]
[BlackElo "2365"]
[TimeControl "60+0"]
[Result "0-1"]

1. e4 e6 2. Nf3 Nc6 3. d4 Nf6 4. Bg5 Be7 5. Nc3 d5 6. exd5 
Nxd5 7. Bxe7 Qxe7 8. P@e4 Nxc3 9. bxc3 B@b2 10. N@a4 Bxa1 11. Qxa1 N@a3 
12. Qd1 R@b1 13. B@c1 b5 14. Nc5 P@b2 15. B@d2 bxc1=Q 16. Bxc1 B@b2 17. P@d7+ 
Bxd7 18. Nxd7 Bxc1 19. Nc5 P@d2+ 20. Nxd2 Bxd2+ 21. Kxd2 Rxd1+ 22. Kxd1 Rd8 
23. Bd3 Q@b1+ 24. B@c1 B@b2 25. P@d7+ Kf8 26. Nxe6+ fxe6 27. R@f3+ N@f7 28. Rxf7+ 
Qxf7 29. B@c5+ N@d6 30. Bxd6+ cxd6 31. N@b3 Bxc1 32. Nxc1 B@h5+ 33. P@f3 Bxf3+ 
34. gxf3 Qxf3+ 35. B@e2 Qxh1+ 36. B@f1 P@b2 37. N@b3 bxc1=Q+ 38. Nxc1 P@b2 39. P@e7+ 
Kxe7 40. Ke1 bxc1=Q+ 41. Bd1 Qxd1# 
{Sjeng checkmated} 0-1

[Event "fics rated crazyhouse match"]
[Site "fics, Oklahoma City, OK USA"]
[Date "2000.10.20"]
[White "venomous"]
[WhiteElo "2369"]
[Black "Sjeng"]
[BlackElo "2145"]
[TimeControl "60+0"]
[Result "1-0"]

1. e4 e6 2. d4 Nc6 3. Be3 Nf6 4. Bd3 Bb4+ 5. c3 Bf8 6. Nd2 
d6 7. Ngf3 Ng4 8. O-O Nxe3 9. fxe3 Be7 10. Qe2 Bd7 11. d5 exd5 
12. exd5 Ne5 13. Nxe5 dxe5 14. N@h5 B@h6 15. Ne4 P@g6 16. Nxg7+ Bxg7 17. P@e6 
Bxe6 18. dxe6 P@f2+ 19. Rxf2 fxe6 20. B@f7+ Kd7 21. N@c5+ Kc8 22. Bxe6+ P@d7 
23. Nxd7 Qxd7 24. Bxd7+ Kxd7 25. P@c6+ bxc6 26. P@b7 Rab8 27. P@e6+ Kxe6 28. Bc4+ 
Kd7 29. Q@e6+ Kd8 30. Rd1+ P@d6 31. P@f6 Bexf6 32. Nxf6 Rxb7 33. Qd7# 
{Sjeng checkmated} 1-0

[Event "fics rated crazyhouse match"]
[Site "fics, Oklahoma City, OK USA"]
[Date "2000.10.20"]
[White "Sjeng"]
[WhiteElo "2141"]
[Black "venomous"]
[BlackElo "2372"]
[TimeControl "60+0"]
[Result "1-0"]

1. e4 e6 2. d4 Nc6 3. Nc3 Nf6 4. e5 Nd5 5. Nf3 Bb4 6. Bd2 
d6 7. Nxd5 Bxd2+ 8. Qxd2 exd5 9. exd6 cxd6 10. P@h6 N@e4 11. hxg7 Rg8 
12. Qh6 B@g6 13. P@h5 Nxd4 14. B@a4+ Bd7 15. Bxd7+ Qxd7 16. Nxd4 P@d2+ 17. Ke2 
B@g4+ 18. B@f3 Bxf3+ 19. Nxf3 O-O-O 20. hxg6 fxg6 21. Nxd2 Rge8 22. Nxe4 dxe4 
23. Qxh7 P@d3+ 24. Ke1 dxc2 25. Qxg6 B@a5+ 26. P@d2 e3 27. Qxc2+ N@c5 28. fxe3 
Rxe3+ 29. Kd1 P@f2 30. dxe3 P@d3 31. Qxf2 P@c2+ 32. Kc1 d2+ 33. Kxc2 Qa4+ 
34. P@b3 Nxb3 35. B@e6+ P@d7 36. N@e7# 
{venomous forfeits on time} 1-0

[Event "fics rated crazyhouse match"]
[Site "fics, Oklahoma City, OK USA"]
[Date "2000.10.20"]
[White "MrCool"]
[WhiteElo "2418"]
[Black "MisterT"]
[BlackElo "2093"]
[TimeControl "180+0"]
[Result "1-0"]

1. e4 e6 2. d4 d5 3. e5 Nc6 4. Nf3 h6 5. Nc3 Nge7 6. Bd3 
Nf5 7. Be3 Be7 8. O-O Bg5 9. Qd2 Ncxd4 10. Bxf5 Nxf5 11. N@h5 d4 
12. Nxg5 hxg5 13. Bxg5 Rxh5 14. Bxd8 dxc3 15. Qe2 N@f4 16. Q@a4+ B@c6 17. Qxf4 
P@f3 18. Qexf3 Bxf3 19. Qxf3 N@h4 20. Bxh4 Nxh4 21. N@f6+ gxf6 22. N@g7+ Kf8 
23. P@e7+ Kxg7 24. Qxf6+ Kh7 25. Qxf7+ N@g7 26. B@g8+ Kh6 27. Qf6+ B@g6 28. B@e3+ 
N@g5 29. e8=Q N@h3+ 30. Kh1 Nxf2+ 31. Bxf2 P@f7 32. Qxg7+ Kxg7 33. P@f6+ Kh6 
34. N@g4# 
{MisterT checkmated} 1-0

[Event "fics rated crazyhouse match"]
[Site "fics, Oklahoma City, OK USA"]
[Date "2000.10.21"]
[White "nasnad"]
[WhiteElo "2390"]
[Black "Lomboc"]
[BlackElo "2334"]
[TimeControl "60+0"]
[Result "1-0"]

1. e4 Nf6 2. Nc3 d5 3. e5 Ne4 4. d3 Nxc3 5. bxc3 Nc6 6. Nf3 
e6 7. Bg5 Be7 8. Bxe7 Qxe7 9. B@h4 Qa3 10. Qd2 B@b2 11. N@b5 Bxc3 
12. Nxc3 d4 13. Nb5 P@c3 14. Qd1 Qa5 15. Nbxd4 Nxd4 16. Nxd4 N@b2 17. N@h5 
Rg8 18. Nxg7+ Rxg7 19. P@f6 Rg8 20. Qh5 Nxd3+ 21. Bxd3 P@f5 22. Qxh7 Qxe5+ 
23. B@e3 P@d2+ 24. Kf1 Rf8 25. P@g7 N@d7 26. gxf8=Q+ Nxf8 27. N@g7+ Kd7 28. Qh5 
N@d5 29. Qxf7+ P@e7 30. Qe8+ Kd6 31. R@d8+ Bd7 32. P@c5+ Kxc5 33. Ndxe6+ Kc6 
34. Qxd7+ Nxd7 35. B@b5+ Kd6 36. P@c5# 
{Lomboc checkmated} 1-0

[Event "fics rated crazyhouse match"]
[Site "fics, Oklahoma City, OK USA"]
[Date "2000.10.21"]
[White "Lomboc"]
[WhiteElo "2326"]
[Black "nasnad"]
[BlackElo "2397"]
[TimeControl "60+0"]
[Result "1-0"]

1. e4 Nf6 2. Nc3 d5 3. exd5 Nxd5 4. Nxd5 Qxd5 5. d4 Nc6 6. Nf3 
Bg4 7. Be2 e6 8. N@e3 Qh5 9. h3 Bf5 10. Ne5 Qg5 11. Nxc6 bxc6 
12. P@d7+ Kxd7 13. Nxf5 Qxf5 14. N@e5+ Kd8 15. Bf3 P@d7 16. Bxc6 Bd6 17. Bxa8 
Bxe5 18. dxe5 Qxe5+ 19. Be3 N@b6 20. P@b7 N@b8 21. B@d4 Qe4 22. Bxb6 axb6 
23. R@c8+ Ke7 24. Rxh8 B@b4+ 25. B@c3 Bxc3+ 26. bxc3 N@e8 27. N@c8+ Kf6 28. B@g5+ 
Kg6 29. Rxe8 P@d2+ 30. Qxd2 h6 31. Ne7+ Kh7 32. N@f8+ Kh8 33. R@h7+ Qxh7 
34. Nxh7+ Kxh7 35. Q@g8# 
{nasnad checkmated} 1-0

[Event "fics rated crazyhouse match"]
[Site "fics, Oklahoma City, OK USA"]
[Date "2000.10.21"]
[White "nasnad"]
[WhiteElo "2387"]
[Black "Lomboc"]
[BlackElo "2338"]
[TimeControl "60+0"]
[Result "1-0"]

1. e4 Nf6 2. Nc3 e6 3. e5 Nd5 4. Nxd5 exd5 5. d4 d6 6. Nf3 
Nc6 7. Bb5 Be7 8. N@h5 Rg8 9. Nxg7+ Rxg7 10. P@f6 Rg8 11. fxe7 Qxe7 
12. Bxc6+ bxc6 13. N@f6+ Qxf6 14. exf6 B@d8 15. B@e7 Bxe7 16. fxe7 Kxe7 17. B@h4+ 
f6 18. Bxf6+ Kxf6 19. Bg5+ Rxg5 20. Nxg5 Kxg5 21. R@h5+ Kf6 22. Q@g5+ Ke6 
23. Rxh7 B@f6 24. Qdg4# 
{Lomboc resigns} 1-0

[Event "fics rated crazyhouse match"]
[Site "fics, Oklahoma City, OK USA"]
[Date "2000.10.21"]
[White "Lomboc"]
[WhiteElo "2330"]
[Black "nasnad"]
[BlackElo "2394"]
[TimeControl "60+0"]
[Result "0-1"]

1. e4 Nf6 2. Nc3 d5 3. exd5 Nxd5 4. Nxd5 Qxd5 5. Nf3 Bg4 6. Be2 
e6 7. d3 Nc6 8. N@e3 Qa5+ 9. Bd2 Bxf3 10. Bxf3 Qb6 11. Bxc6+ Qxc6 
12. N@e5 Qd6 13. N3c4 Qd8 14. P@d7+ Ke7 15. Nxf7 Kxf7 16. Ne5+ Ke7 17. Bb4+ 
P@d6 18. Qh5 N@h6 19. B@g5+ B@f6 20. Bxh6 Bxe5 21. Qxe5 N@g6 22. B@g5+ N@f6 
23. Qe3 N@f5 24. Bxf6+ gxf6 25. Bxf8+ Rxf8 26. Qe2 Nf4 27. Qf3 B@e5 28. B@g4 
Nd4 29. Qd1 Nxg2+ 30. Kf1 Nf4 31. P@g2 P@e2+ 32. Bxe2 Ndxe2 33. N@e4 B@f3 
34. N@e3 Bxg2+ 35. Nxg2 B@h3 36. Ke1 Bxg2 37. Qxe2 N@f3+ 38. Qxf3 Bxf3 39. B@d1 
Q@g2 40. Bxf3 Qxf3 41. B@d1 Ng2+ 42. Kd2 Ne3 43. fxe3 P@c3+ 44. bxc3 Qg2+ 
45. Be2 B@c1# 
{Lomboc forfeits on time} 0-1

[Event "fics rated crazyhouse match"]
[Site "fics, Oklahoma City, OK USA"]
[Date "2000.10.21"]
[White "nasnad"]
[WhiteElo "2401"]
[Black "Lomboc"]
[BlackElo "2322"]
[TimeControl "60+0"]
[Result "0-1"]

1. e4 d6 2. Nc3 Nf6 3. d4 Nc6 4. Bb5 Bd7 5. Nf3 e5 6. Bxc6 
bxc6 7. d5 cxd5 8. exd5 Be7 9. N@c6 Bxc6 10. dxc6 O-O 11. P@h6 gxh6 
12. Bxh6 N@f5 13. B@g5 P@g7 14. Bxf6 Bxf6 15. N@b7 Qe8 16. P@d7 Qe6 17. Be3 
e4 18. Nd4 Nxd4 19. Bxd4 N@h4 20. Rg1 P@f3 21. N@f4 Qf5 22. Be3 Nxg2+ 
23. Nxg2 fxg2 24. N@h4 Bxh4 25. Qe2 N@f3+ 26. Kd1 Nxg1 27. Qd2 Nf3 28. Qe2 
g1=Q# 
{nasnad resigns} 0-1

[Event "fics rated crazyhouse match"]
[Site "fics, Oklahoma City, OK USA"]
[Date "2000.10.21"]
[White "Lomboc"]
[WhiteElo "2333"]
[Black "nasnad"]
[BlackElo "2391"]
[TimeControl "60+0"]
[Result "0-1"]

1. e3 Nf6 2. d4 d5 3. Nf3 Nc6 4. Be2 Bg4 5. O-O e6 6. h3 
Bxf3 7. Bxf3 Be7 8. B@g3 O-O 9. Nd2 N@e4 10. Nb3 Nxg3 11. fxg3 B@e4 
12. N@e5 Nb4 13. Bd2 Nxc2 14. Bxe4 Nxe4 15. Qxc2 Nxg3 16. B@f4 Nxf1 17. Rxf1 
B@e4 18. Qd1 P@d6 19. Ng4 P@h5 20. Nf2 R@g6 21. Qxh5 Rxg2+ 22. Kh1 Rxf2+ 
23. Kg1 Rg2+ 24. Kh1 Rxd2+ 25. P@f3 P@g2+ 26. Kg1 gxf1=Q+ 27. Kxf1 R@d1+ 28. N@e1 
B@c4# 
{Lomboc resigns} 0-1

[Event "fics rated crazyhouse match"]
[Site "fics, Oklahoma City, OK USA"]
[Date "2000.10.21"]
[White "nasnad"]
[WhiteElo "2398"]
[Black "Lomboc"]
[BlackElo "2326"]
[TimeControl "60+0"]
[Result "1-0"]

1. e4 d6 2. Nc3 Nf6 3. Nf3 e5 4. Be2 Nc6 5. O-O Bg4 6. d3 
Be7 7. h3 Bh5 8. Ng5 Bxe2 9. Nxe2 Nd4 10. Nxd4 exd4 11. N@f5 O-O 
12. Nxd4 h6 13. Ngf3 B@h7 14. B@f5 Bxf5 15. Nxf5 N@e5 16. Nxe5 dxe5 17. Nxe7+ 
Qxe7 18. N@f5 Qc5 19. B@e3 Qc6 20. Bxh6 gxh6 21. Ne7+ Kh7 22. Nxc6 bxc6 
23. B@h4 B@g7 24. Bxf6 Bxf6 25. N@g4 B@g7 26. Bxh6 Bxh6 27. Nxf6+ Kg7 28. Ng4 
Kh7 29. Nxh6 B@g7 30. Nf5 B@g6 31. Nxg7 Kxg7 32. P@g5 f6 33. B@h6+ Kf7 
34. Q@g7+ Ke6 35. P@f5+ Bxf5 36. exf5+ Kd6 37. B@a3+ c5 38. d4 exd4 39. Qxd4+ 
P@d5 40. Qxc5+ Ke5 41. Rae1+ P@e4 42. B@d4+ Kxf5 43. B@g4+ Kf4 44. P@g3# 
{Lomboc checkmated} 1-0

[Event "fics rated crazyhouse match"]
[Site "fics, Oklahoma City, OK USA"]
[Date "2000.10.21"]
[White "Lomboc"]
[WhiteElo "2319"]
[Black "nasnad"]
[BlackElo "2404"]
[TimeControl "60+0"]
[Result "0-1"]

1. e4 Nf6 2. Nc3 d5 3. exd5 Nxd5 4. Nxd5 Qxd5 5. d4 Nc6 6. Nf3 
Bg4 7. Be2 Qd8 8. d5 Nb4 9. N@e5 Bf5 10. Nxf7 Qxd5 11. Qxd5 Nxd5 
12. Nxh8 P@f7 13. Nd4 Q@b4+ 14. P@c3 Nxc3 15. bxc3 Qxc3+ 16. R@d2 N@f4 17. Nxf5 
Nxg2+ 18. Kf1 P@d7 19. Nxf7 Nf4 20. N7d6+ cxd6 21. P@f7+ Kxf7 22. N@g5+ Ke8 
23. P@c7 P@g2+ 24. Ke1 gxh1=Q+ 25. B@f1 N@g2# 
{Lomboc resigns} 0-1

[Event "fics rated crazyhouse match"]
[Site "fics, Oklahoma City, OK USA"]
[Date "2000.10.21"]
[White "nasnad"]
[WhiteElo "2410"]
[Black "Lomboc"]
[BlackElo "2313"]
[TimeControl "60+0"]
[Result "1-0"]

1. e4 e6 2. Nc3 d5 3. exd5 exd5 4. d4 Nf6 5. Nf3 Be7 6. Be2 
h6 7. Ne5 O-O 8. P@g6 fxg6 9. Nxg6 P@f7 10. Ne5 P@d6 11. Nf3 Nc6 
12. Be3 Ng4 13. P@b5 Nxe3 14. fxe3 Nb4 15. N@f2 B@g5 16. Nxg5 Bxg5 17. B@d2 
N@f5 18. Qc1 Qe7 19. e4 dxe4 20. Ncxe4 P@e3 21. O-O exd2 22. Nxd2 Bxd2 
23. Qxd2 B@e3 24. Qxb4 Bxf2+ 25. Rxf2 N@e4 26. N@d5 Qg5 27. Qb3 Nxf2 28. B@f4 
Qh4 29. B@g3 Nxg3 30. Bxg3 Qxd4 31. P@e3 N@h3+ 32. gxh3 Nxh3+ 33. Kg2 B@e4+ 
34. P@f3 Qxd5 35. N@e7+ Kh7 36. Nxd5 Bxd5 37. Qxd5 P@g4 38. Qd3+ P@g6 39. B@e4 
gxf3+ 40. B2xf3 P@f5 41. Bxf5 gxf5 42. e4 B@g4 43. exf5 Bxf3+ 44. Qxf3 Bxf5 
45. Qxf5+ B@g6 46. N@g5+ hxg5 47. Qxg6# 
{Lomboc forfeits on time} 1-0

[Event "fics rated crazyhouse match"]
[Site "fics, Oklahoma City, OK USA"]
[Date "2000.10.21"]
[White "Lomboc"]
[WhiteElo "2307"]
[Black "nasnad"]
[BlackElo "2416"]
[TimeControl "60+0"]
[Result "0-1"]

1. d4 Nf6 2. Nc3 e6 3. e4 Be7 4. Nf3 d5 5. Bd3 dxe4 6. Nxe4 
Nxe4 7. Bxe4 P@d5 8. Bd3 N@f5 9. Bxf5 exf5 10. Ne5 B@e4 11. P@f3 f6 
12. fxe4 fxe5 13. dxe5 fxe4 14. B@h5+ P@g6 15. Bg4 N@h4 16. e6 Nxg2+ 17. Kf1 
O-O 18. P@f7+ Kh8 19. Kxg2 P@f3+ 20. Kf1 Bxe6 21. Rg1 Bxg4 22. Rxg4 P@e2+ 
23. Ke1 exd1=Q# 
{Lomboc resigns} 0-1

[Event "fics rated crazyhouse match"]
[Site "fics, Oklahoma City, OK USA"]
[Date "2000.10.21"]
[White "nasnad"]
[WhiteElo "2422"]
[Black "Lomboc"]
[BlackElo "2301"]
[TimeControl "60+0"]
[Result "0-1"]

1. e4 Nf6 2. Nc3 d5 3. exd5 Nxd5 4. d4 e6 5. Nf3 Nc6 6. Bd2 
Nxc3 7. bxc3 N@e4 8. Bb5 Bd7 9. N@e5 Nxe5 10. Bxd7+ Nxd7 11. B@d3 Nxd2 
12. Qxd2 B@g6 13. N@e5 B@f5 14. Bxf5 Bxf5 15. Nxf7 Kxf7 16. B@a4 P@f6 17. Bxd7 
Qxd7 18. N@e5+ fxe5 19. Nxe5+ Ke7 20. P@f7 Qb5 21. P@c4 Qb2 22. O-O N@e4 
23. Qe3 Qxc2 24. Rac1 Qa4 25. c5 P@d6 26. cxd6+ cxd6 27. P@d7 dxe5 28. dxe5 
Qxd7 29. P@d6+ Kxf7 30. Qxe4 Bxe4 31. N@g5+ Ke8 32. f3 B@b6+ 33. P@d4 Bg6 
34. Rcd1 B@e3+ 35. Kh1 Bxg5 36. Rde1 P@d2 37. Re2 P@c2 38. Rxd2 Bxd2 39. P@f7+ 
Qxf7 40. h3 P@e2 41. Kh2 Qf4+ 42. g3 exf1=Q 43. gxf4 Q@g2# 
{nasnad checkmated} 0-1

[Event "fics rated crazyhouse match"]
[Site "fics, Oklahoma City, OK USA"]
[Date "2000.10.21"]
[White "Lomboc"]
[WhiteElo "2312"]
[Black "nasnad"]
[BlackElo "2411"]
[TimeControl "60+0"]
[Result "1-0"]

1. e4 Nf6 2. Nc3 d5 3. exd5 Nxd5 4. Nxd5 Qxd5 5. d4 Nc6 6. Nf3 
P@e4 7. N@e3 Qd8 8. Ng5 e6 9. Nxe4 Qxd4 10. Qxd4 Nxd4 11. P@f6 Nf5 
12. Nxf5 Q@a5+ 13. Bd2 Qxf5 14. fxg7 Qxe4+ 15. Q@e3 Qxe3+ 16. Bxe3 Bxg7 17. N@h5 
Rg8 18. Nxg7+ Rxg7 19. P@f6 Rg8 20. Q@e7# 
{nasnad checkmated} 1-0

[Event "fics rated crazyhouse match"]
[Site "fics, Oklahoma City, OK USA"]
[Date "2000.10.21"]
[White "nasnad"]
[WhiteElo "2401"]
[Black "Lomboc"]
[BlackElo "2322"]
[TimeControl "60+0"]
[Result "1-0"]

1. e4 Nf6 2. Nc3 d5 3. exd5 Nxd5 4. Nf3 e6 5. d4 Nc6 6. Bb5 
Bd7 7. Nxd5 exd5 8. Bxc6 bxc6 9. N@e5 P@f6 10. Nxd7 Qxd7 11. B@h3 B@e6 
12. Bxe6 Qxe6+ 13. P@e5 B@h5 14. N@f4 Qe7 15. B@a3 N@b4 16. Nxh5 fxe5 17. dxe5 
P@e4 18. P@f6 gxf6 19. Nxf6+ Kd8 20. Bxb4 Qxb4+ 21. B@c3 Qc5 22. Nd4 P@e7 
23. N@b7+ Kc8 24. Nxc5 Rb8 25. Q@d7# 
{Lomboc checkmated} 1-0

[Event "fics rated crazyhouse match"]
[Site "fics, Oklahoma City, OK USA"]
[Date "2000.10.21"]
[White "Lomboc"]
[WhiteElo "2316"]
[Black "nasnad"]
[BlackElo "2407"]
[TimeControl "60+0"]
[Result "0-1"]

1. e4 Nf6 2. Nc3 e5 3. Nf3 Nc6 4. Bc4 Bc5 5. O-O O-O 6. d3 
d6 7. Bg5 Bg4 8. h3 Bxf3 9. Qxf3 Nd4 10. Qd1 N@e6 11. Bh4 c6 
12. Ne2 b5 13. Nxd4 Bxd4 14. Bxe6 fxe6 15. N@g5 B@d7 16. c3 Bxf2+ 17. Bxf2 
P@h6 18. Nf3 N@f4 19. B@e3 N6h5 20. B@d2 Qe7 21. Bxf4 Nxf4 22. Bxf4 exf4 
23. Nd4 B@e3 24. Bxe3 fxe3 25. N@f5 exf5 26. Nxf5 Bxf5 27. exf5 B@f2+ 28. Kh2 
B@e5+ 29. P@g3 Bexg3+ 30. Kh1 e2 31. N@f3 exd1=Q 32. Raxd1 P@e2 
{Lomboc resigns} 0-1

[Event "fics rated crazyhouse match"]
[Site "fics, Oklahoma City, OK USA"]
[Date "2000.10.21"]
[White "nasnad"]
[WhiteElo "2413"]
[Black "Lomboc"]
[BlackElo "2310"]
[TimeControl "60+0"]
[Result "0-1"]

1. e4 e6 2. Nc3 d5 3. e5 d4 4. Ne4 Nc6 5. Nf3 Qd5 6. Bd3 
Nxe5 7. Nxe5 Qxe5 8. N@f3 Qd5 9. O-O e5 10. c3 P@f5 11. c4 Qe6 
12. Neg5 Qe7 13. Nxe5 Qxg5 14. Nf3 Qf6 15. Re1+ Be7 16. P@g5 Qd6 17. Bf1 
h6 18. gxh6 Nxh6 19. d3 Ng4 20. P@g3 Be6 21. Bf4 Qd7 22. Ne5 Nxe5 
23. Bxe5 Bf6 24. N@f3 N@g4 25. Bxf6 gxf6 26. B@h3 P@e3 27. Bxg4 exf2+ 28. Kxf2 
fxg4 29. P@e3 gxf3 30. Qxf3 dxe3+ 31. Rxe3 B@d4 32. P@d2 Bxe3+ 33. dxe3 N@e5 
34. Qxf6 N@g4+ 35. Ke2 Nxf6 36. N@g7+ Kd8 37. B@f3 Nxf3 38. gxf3 P@e4 39. N@e5 
exf3+ 40. Nxf3 P@e4 41. Ne5 exd3+ 42. Nxd3 Qxd3+ 43. Kxd3 N@e5+ 44. Ke2 P@d3+ 
45. Kd2 Q@c2+ 46. Ke1 P@f2# 
{nasnad checkmated} 0-1

[Event "fics rated crazyhouse match"]
[Site "fics, Oklahoma City, OK USA"]
[Date "2000.10.21"]
[White "Lomboc"]
[WhiteElo "2320"]
[Black "nasnad"]
[BlackElo "2403"]
[TimeControl "60+0"]
[Result "0-1"]

1. d4 Nf6 2. Nc3 d5 3. e3 Bg4 4. Be2 Bxe2 5. Ngxe2 e6 6. O-O 
Bd6 7. Nf4 Bxf4 8. exf4 N@e4 9. B@g5 h6 10. Bxf6 Nxf6 11. B@e5 Nbd7 
12. Bxf6 Nxf6 13. N@e5 B@d6 14. Nxf7 Kxf7 15. N@e5+ Ke7 16. Ng6+ Kd7 17. P@e5 
Ne4 18. Nxe4 dxe4 19. exd6 cxd6 20. d5 B@f7 21. dxe6+ Bxe6 22. P@d5 Bf5 
23. B@e6+ Bxe6 24. dxe6+ Kc7 25. Nxh8 B@c6 26. R@f7+ P@e7 27. Ng6 B@f6 28. Nxe7 
Bxe7 29. Rxg7 N@f5 30. P@f6 P@f3 31. fxe7 Nxe7 32. P@f6 P@e2 33. Rxe7+ Qxe7 
34. fxe7 N@h3+ 35. gxh3 exf1=Q+ 36. Qxf1 R@g7+ 37. B@g3 Rxe7 38. B@d8+ Rxd8 39. N@d5+ 
Bxd5 40. N@b5+ Kb8 41. Q@a8+ Kxa8 42. N@c7+ Kb8 43. Na6# 
{Lomboc resigns} 0-1

[Event "fics rated crazyhouse match"]
[Site "fics, Oklahoma City, OK USA"]
[Date "2000.10.21"]
[White "nasnad"]
[WhiteElo "2409"]
[Black "Lomboc"]
[BlackElo "2314"]
[TimeControl "60+0"]
[Result "1-0"]

1. e4 Nf6 2. e5 e6 3. exf6 gxf6 4. d4 d5 5. Nc3 Nc6 6. Nf3 
Rg8 7. Bb5 Rxg2 8. Qe2 Rg8 9. Bf4 Bd7 10. O-O-O Bb4 11. N@b1 P@e4 
12. Nh4 Bxc3 13. Nxc3 a6 14. Bxc6 Bxc6 15. B@h6 N@c4 16. N@g7+ Kd7 17. Nxe4 
P@a3 18. Nc5+ Kc8 19. bxa3 B@b2+ 20. Kb1 Rxg7 21. P@d2 Bxa3 22. P@b2 Bxc5 
23. dxc5 P@a3 24. B@c3 d4 25. Qxc4 axb2 26. Bxb2 Bxh1 27. Bxc7 Qxc7 28. N@b6+ 
Kb8 29. Nxa8 Kxa8 30. P@b6 Qc6 31. P@c7 Rg8 32. R@a7# 
{Lomboc checkmated} 1-0

[Event "fics rated crazyhouse match"]
[Site "fics, Oklahoma City, OK USA"]
[Date "2000.10.21"]
[White "Lomboc"]
[WhiteElo "2308"]
[Black "nasnad"]
[BlackElo "2415"]
[TimeControl "60+0"]
[Result "0-1"]

1. e4 Nf6 2. Nc3 e5 3. Nf3 Nc6 4. Bb5 Bc5 5. Bxc6 bxc6 6. O-O 
d6 7. Ng5 O-O 8. N@f5 Bxf5 9. exf5 B@h5 10. B@e2 Bxe2 11. Qxe2 B@h5 
12. Qc4 h6 13. Nh3 N@f4 14. Nxf4 exf4 15. N@e4 Nxe4 16. Nxe4 N@e5 17. Qa4 
f3 18. gxf3 Bxf3 19. P@g2 Bxg2 20. Kxg2 P@f3+ 21. Kg1 N@e2# 
{Lomboc resigns} 0-1

[Event "fics rated crazyhouse match"]
[Site "fics, Oklahoma City, OK USA"]
[Date "2000.10.21"]
[White "nasnad"]
[WhiteElo "2421"]
[Black "Lomboc"]
[BlackElo "2302"]
[TimeControl "60+0"]
[Result "0-1"]

1. e4 Nf6 2. Nc3 e6 3. e5 d5 4. Nxd5 Nxd5 5. d4 Nc6 6. Nf3 
Bd7 7. Be2 Bb4+ 8. c3 Nxc3 9. bxc3 Bxc3+ 10. Bd2 Bxd2+ 11. Qxd2 N@e4 
12. Qf4 B@c3+ 13. P@d2 Bxa1 14. Qxe4 R@c1+ 15. B@d1 P@c2 16. O-O cxd1=Q 17. Bxd1 
B@f5 18. Qf4 P@c2 19. Bxc2 Rxf1+ 20. Kxf1 Bxc2 21. N@h5 B@h6 22. Qxh6 gxh6 
23. N@g7+ Kf8 24. B@e2 R@b1+ 25. R@e1 Rxe1+ 26. Nxe1 R@c1 27. Nxe6+ Bxe6 28. P@g7+ 
Ke7 29. gxh8=Q Qxh8 30. P@f6+ Kd7 31. R@d1 Bxd1 32. Bxd1 Rxd1 33. R@e3 B@a6+ 
34. P@e2 R@h1+ 35. B@g1 N@h4 36. d5 Bxd5 37. e6+ Bxe6 38. Rd3+ P@d6 39. f3 
Bxd3 40. exd3 R@b1 41. Ke2 Rxe1+ 42. Kf2 Q@f1+ 43. Kg3 Nf5+ 44. Kf4 P@g5+ 
45. Kg4 Qxg2+ 46. B@g3 N@e3+ 47. dxe3 Nxe3# 
{nasnad checkmated} 0-1

[Event "fics rated crazyhouse match"]
[Site "fics, Oklahoma City, OK USA"]
[Date "2000.10.21"]
[White "Lomboc"]
[WhiteElo "2313"]
[Black "nasnad"]
[BlackElo "2410"]
[TimeControl "60+0"]
[Result "1-0"]

1. d3 Nf6 2. Nd2 d5 3. e4 dxe4 4. dxe4 e5 5. Ngf3 Nc6 6. Be2 
Bc5 7. O-O O-O 8. P@d5 Nd4 9. Nxe5 P@h3 10. gxh3 Bxh3 11. P@g2 Bxg2 
12. Kxg2 Qd6 13. B@g3 P@h4 14. Nxf7 Rxf7 15. Bxd6 Bxd6 16. P@g3 h3+ 17. Kxh3 
Nxe2 18. Qxe2 B@g4+ 19. Qxg4 Nxg4 20. P@f4 Nh6 21. B@e6 P@g4+ 22. Bxg4 Nxg4 
23. P@e6 Rf6 24. P@f7+ Kh8 25. N@h5 Q@h6 26. Q@h4 Rg6 27. e5 Nxe5 28. fxe5 
P@g4+ 29. Kg2 B@f3+ 30. Nxf3 gxf3+ 31. Kxf3 B@g4+ 32. Kg2 Qxh5 33. Qxh5 N@f4+ 
34. Bxf4 Bxh5 35. Q@g8+ Rxg8 36. fxg8=Q+ Kxg8 37. P@f7+ Kf8 38. R@e8# 
{nasnad checkmated} 1-0

[Event "fics rated crazyhouse match"]
[Site "fics, Oklahoma City, OK USA"]
[Date "2000.10.21"]
[White "nasnad"]
[WhiteElo "2400"]
[Black "Lomboc"]
[BlackElo "2323"]
[TimeControl "60+0"]
[Result "0-1"]

1. e4 e6 2. Nc3 Be7 3. d4 Nf6 4. e5 Nd5 5. Nxd5 exd5 6. Nf3 
d6 7. N@h5 Rg8 8. Bd3 Bg4 9. Bxh7 Bxh5 10. Bxg8 N@h4 11. Nxh4 Bxd1 
12. Bxf7+ Kxf7 13. Kxd1 B@h5+ 14. P@f3 Bxh4 15. R@f4+ Ke7 16. P@g3 Bg5 17. N@f5+ 
Kd7 18. e6+ Kxe6 19. Nxg7+ Kd7 20. B@e6+ Kc6 21. P@b4 b6 22. a4 Bxf4 
23. Bxf4 a6 24. B@d3 N@e7 25. b5+ Kb7 26. bxa6+ Nxa6 27. P@f6 Nb4 28. fxe7 
Qxe7 29. N@f5 Qf6 30. a5 Nxd3 31. cxd3 Rxa5 32. N@d8+ Qxd8 33. Rxa5 B@b3+ 
34. Ke1 N@c2+ 35. Kd2 bxa5 36. R@b5+ P@b6 37. Rxb3 P@a4 38. Rc3 N@b3+ 39. Kxc2 
Nxd4+ 40. Kd2 Nxf5 41. B@c6+ Ka7 42. N@b5+ Kb8 43. Bb7 N@b3+ 44. Kc2 R@d2+ 
45. Kb1 Q@a2+ 46. Kxa2 R@a1# 
{nasnad forfeits on time} 0-1

[Event "fics rated crazyhouse match"]
[Site "fics, Oklahoma City, OK USA"]
[Date "2000.10.21"]
[White "Lomboc"]
[WhiteElo "2333"]
[Black "nasnad"]
[BlackElo "2390"]
[TimeControl "60+0"]
[Result "1-0"]

1. d4 Nf6 2. Nc3 Nc6 3. Nf3 d6 4. Bg5 e6 5. e3 Be7 6. Be2 
O-O 7. O-O Bd7 8. Bxf6 Bxf6 9. Ne4 Be7 10. N@h5 f5 11. Neg3 B@g4 
12. Nf4 e5 13. Bc4+ Kh8 14. Ne6 Bxe6 15. Bxe6 e4 16. B@e2 exf3 17. Bxf3 
Bxf3 18. Qxf3 B@g4 19. Qd5 N@f6 20. Qb3 N@e4 21. Nxe4 fxe4 22. Bxg4 Nxg4 
23. P@h6 B@f6 24. hxg7+ Bxg7 25. P@h3 Nh6 26. B@e2 d5 27. B@f4 P@f3 28. gxf3 
exf3 29. Bxf3 N@h4 30. Bh1 P@f3 31. P@g3 Rxf4 32. gxh4 B@g2 33. Bxg2 fxg2 
34. Kxg2 Rxh4 35. Kg1 B@e4 36. P@g2 Rh5 37. f3 Bf5 38. B@g4 Rg5 39. Bxf5 
Nxf5 40. B@g4 Nxe3 41. N@f7+ Kg8 42. Nxg5 B@f7 43. P@e6 Bxg5 44. exf7+ Kxf7 
45. B@e6+ Ke7 46. R@f7+ Kd6 47. N@b5# 
{nasnad checkmated} 1-0

[Event "fics rated crazyhouse match"]
[Site "fics, Oklahoma City, OK USA"]
[Date "2000.10.21"]
[White "nasnad"]
[WhiteElo "2381"]
[Black "Lomboc"]
[BlackElo "2342"]
[TimeControl "60+0"]
[Result "1-0"]

1. e4 Nf6 2. Nc3 d5 3. exd5 Nxd5 4. Nf3 e6 5. Be2 Nc6 6. O-O 
Bb4 7. P@e4 Nf6 8. e5 Nd5 9. Nxd5 exd5 10. N@h5 Rg8 11. c3 P@a4 
12. cxb4 Bg4 13. Ng3 Bxf3 14. Bxf3 Nxe5 15. d4 Nc4 16. Re1+ P@e6 17. B@b5+ 
c6 18. Bxc4 dxc4 19. Bf4 N@d3 20. N@c7+ Kd7 21. Nxa8 Qxa8 22. R@c7+ Ke8 
23. Be5 B@d7 24. Nh5 N@h4 25. B@e4 Nxb2 26. Qe2 c3 27. Bxh7 Rh8 28. Nxg7+ 
Kd8 29. Nxe6+ fxe6 30. P@e7+ Kxe7 31. P@d6+ Ke8 32. Bh5+ P@f7 33. Bxh8 P@d2 
34. R@g8+ N@f8 35. P@e7 dxe1=Q+ 36. Rxe1 N@g6 37. B5xg6 Nxg6 38. Bxg6 B@h6 39. exf8=Q+ 
Bxf8 40. P@e7 Bc8 41. Rxf8# 
{Lomboc checkmated} 1-0

[Event "fics rated crazyhouse match"]
[Site "fics, Oklahoma City, OK USA"]
[Date "2000.10.21"]
[White "Lomboc"]
[WhiteElo "2335"]
[Black "nasnad"]
[BlackElo "2388"]
[TimeControl "60+0"]
[Result "1-0"]

1. e4 Nf6 2. Nc3 d5 3. exd5 Nxd5 4. Nxd5 Qxd5 5. d4 Nc6 6. Nf3 
Bg4 7. Be2 Qd8 8. d5 Nb4 9. N@e5 Bxf3 10. Bxf3 P@f6 11. Nxf7 Kxf7 
12. B@e6+ Kg6 13. Bh5# 
{nasnad checkmated} 1-0

[Event "fics rated crazyhouse match"]
[Site "fics, Oklahoma City, OK USA"]
[Date "2000.10.21"]
[White "nasnad"]
[WhiteElo "2379"]
[Black "Lomboc"]
[BlackElo "2344"]
[TimeControl "60+0"]
[Result "1-0"]

1. e4 Nf6 2. Nc3 d5 3. exd5 Nxd5 4. Nf3 e6 5. Be2 Nc6 6. O-O 
Be7 7. P@e4 Nf6 8. e5 Ng4 9. d4 O-O 10. h3 Nxf2 11. Rxf2 P@g3 
12. Rf1 P@h2+ 13. Kh1 Bd7 14. N@e4 Bh4 15. Bg5 Bxg5 16. Nfxg5 B@h4 17. B@f6 
gxf6 18. Nxf6+ Qxf6 19. exf6 B@h6 20. Nge4 N@f2+ 21. Nxf2 gxf2 22. Q@g4+ B6g5 
23. N@h6# 
{Lomboc resigns} 1-0